 Dungeon Crawl Stone Soup version 0.30-a0-1050-g2766ea1e55 (webtiles) character file.

Game seed: 14705690159875406946

2778 Arcadio the Artisan of Death (level 9, -1/78 HPs)
             Began as a Deep Elf Necromancer on Apr 10, 2023.
             Was a Priest of Kikubaaqudgha.
             Slain by a wolf (8 damage)
             ... on level 1 of the Lair of Beasts.
             The game lasted 00:29:18 (7931 turns).

Arcadio the Artisan of Death (Deep Elf Necromancer) Turns: 7931, Time: 00:29:20

Health: -1/78      AC: 24    Str:  5    XL:     9   Next: 42%
Magic:  0/24       EV:  2    Int: 25    God:    Kikubaaqudgha [***...]
Gold:   35         SH:  0    Dex: 21    Spells: 4/26 levels left

rFire   . . .      SeeInvis .    y - +0 falchion (flame)
rCold   . . .      Faith    .    (no shield)
rNeg    . . .      Spirit   .    a - melded +0 robe
rPois   +          Reflect  .    (helmet currently unavailable)
rElec   .          Rampage  .    e - melded +0 cloak
rCorr   .          NoTele   +    f - melded +0 pair of gloves
Will    .....                    (boots currently unavailable)
Stlth   ++                       (no amulet)
HPRegen 0.33/turn                A - +6 ring of dexterity
MPRegen 0.19/turn                (no ring)

@: mighty, tree-form
A: stationary, stasis, torment immunity, boosted hp
a: Renounce Religion, Unearth Wretches


You were on level 1 of the Lair of Beasts.
You worshipped Kikubaaqudgha.
Kikubaaqudgha was most pleased with you.
You were a tree.
You visited 3 branches of the dungeon, and saw 10 of its levels.

You collected 446 gold pieces.
You spent 411 gold pieces at shops.

Inventory:

Hand Weapons
 y - a +0 falchion of flaming (weapon)
Armour
 a - a +0 robe (melded)
 e - a +0 cloak (melded)
 f - a +0 pair of gloves (melded)
 l - a +0 leather armour of cold resistance
 v - a scarf of invisibility
 x - a scarf of resistance
Jewellery
 A - a +6 ring of dexterity (left branch)
Wands
 b - a wand of iceblast (8)
 s - a wand of charming (7)
Scrolls
 h - a scroll of fear
 j - a scroll of enchant armour {unknown}
 k - a scroll of magic mapping {unknown}
 p - a scroll of fog
 q - a scroll of poison
 r - 3 scrolls of teleportation
 z - 4 scrolls of vulnerability
 D - a scroll of blinking
Potions
 g - a potion of haste
 n - 3 potions of flight
 o - a potion of lignification
 t - a potion of might
 u - 2 potions of attraction


   Skills:
 + Level 4.2 Fighting
 + Level 8.5 Dodging
 - Level 2.4 Stealth
 + Level 9.4 Spellcasting
 + Level 9.5 Necromancy


You had 4 spell levels left.
You knew the following spells:

 Your Spells              Type           Power      Damage    Failure   Level
a - Necrotise             Necr           100%       1d9       1%          1
b - Sublimation of Blood  Necr           56%        N/A       1%          2
c - Kiss of Death         Conj/Necr      100%       2d13      1%          1
d - Vampiric Draining     Necr           56%        2d10      1%          3
e - Animate Dead          Necr           56%        N/A       1%          4
f - Agony                 Necr           56%        N/A       2%          5
g - Dispel Undead         Necr           56%        3d20      1%          4
h - Cigotuvi's Dreadful   Necr/Pois/Air  54%        N/A       2%          2

Your spell library contained the following spells:

 Spells                   Type           Power      Damage    Failure   Level
 Blink                    Tloc           22%        N/A       8%          2
 Anguish                  Hex/Necr       17%        N/A       8%          4
 Manifold Assault         Tloc           11%        N/A       45%         4
 Death Channel            Necr           28%        N/A       16%         6
 Simulacrum               Ice/Necr       17%        N/A       75%         6
 Storm Form               Tmut/Air       5%         N/A       100%        7


Dungeon Overview and Level Annotations

Branches:
Dungeon (8/15) Zot: 26064  Temple (1/1) D:6 Zot: 5827    Lair (1/5) D:8 Zot: 5957

Altars:
Ashenzari
Cheibriados
Dithmenos
Elyvilon
Fedhas
Gozag
Hepliaklqana
Kikubaaqudgha
Nemelex Xobeh
Okawaru
Qazlal
Ru
Sif Muna
Trog
Uskayaw
Vehumet
Wu Jian
Xom
Yredelemnul
The Shining One

Shops:
D:3 !   D:8 ?

Annotations:
D:4 2 transporters, sastreii's ghost, amateur SpHu


Message History

The wolf bites you. The wolf completely misses you.
The wolf bites you but does no damage. The wolf bites you.
You hit the wolf but do no damage.
The wolf is severely wounded.
The wolf bites you but does no damage. x2; The wolf bites you.
The wolf bites you but does no damage. The wolf completely misses you.
The wolf bites you.
You hit the wolf but do no damage.
The wolf is severely wounded.
The wolf bites you but does no damage. x6
A yak comes into view.
Casting: Vampiric Draining (safe; 1% risk of failure)
Confirm with . or Enter, or press ? or * to list all spells.
Aiming: Vampiric Draining (safe; 1% risk of failure)
Press: ? - help, Shift-Dir - straight line, f/p - wolf
Aim: a wolf (severely wounded)
You draw life force from the wolf!!
You kill the wolf!
Kikubaaqudgha accepts your kill.
You feel life coursing into your body. The wolf bites you.
The wolf bites you but does no damage. The wolf barely misses you.
The wolf bites you but does no damage.
You feel very mighty all of a sudden. The wolf bites you.
The wolf bites you but does no damage.
A yak comes into view.
The wolf bites you but does no damage. The wolf bites you.
* * * LOW HITPOINT WARNING * * *
Okay, then.
As you read the scroll of torment, it crumbles to dust.
You feel a surge of unholy energy.
The wolf convulses! x2; The yak convulses! x2
The wolf bites you but does no damage. x2
As you read the scroll of torment, it crumbles to dust.
You feel a surge of unholy energy.
The wolf convulses!
The yak convulses!
The wolf convulses!
The yak convulses!
The sentinel's mark upon you fades away.
The wolf bites you but does no damage. The wolf bites you.
* * * LOW HITPOINT WARNING * * *
The wolf bites you but does no damage. The wolf bites you!
You die...
Kikubaaqudgha rasps: "You have failed me!
Welcome... death!"

### #♣#
#..hhY)Y....
##.###.#..##
#. ## # P ##


You could see 2 yaks and 2 wolves.

Vanquished Creatures
  A cane toad (Lair:1)
  A troll (D:5)
  A wraith (D:7)
  A steam dragon (D:7)
  3 water moccasins
  A black bear (D:5)
  An orc warrior (D:6)
  A sky beast (D:6)
  2 wolves (Lair:1)
  2 centaurs (D:8)
  A bullfrog (D:7)
  2 scorpions
  2 killer bees (D:8)
  2 howler monkeys (D:7)
  A hound (D:5)
  A gnoll bouda (D:8)
  An orc priest (D:7)
  5 jellies
  2 sleepcaps
  An iguana (D:6)
  6 orc wizards
  Robin (D:2)
  8 gnolls
  8 adders
  A white imp (D:6)
  2 ufetubi
  2 worms
  3 dart slugs
  11 orcs
  5 bats
  5 endoplasms
  4 giant cockroaches
  11 hobgoblins
  4 jackals (D:2)
  5 kobolds
  3 quokkas
  3 ball pythons
  7 frilled lizards
  12 goblins
  A goblin zombie (D:4)
  6 rats
  A rat zombie (D:4)
141 creatures vanquished.

Vanquished Creatures (collateral kills)
  A goblin (D:2)
1 creature vanquished.

Vanquished Creatures (others)
  4 fungi
  30 plants
34 creatures vanquished.

Grand Total: 176 creatures vanquished

Notes
Turn   | Place    | Note
-------+----------+-------------------------------------------
     0 | D:1      | Arcadio the Deep Elf Necromancer began the quest for the
                  | Orb.
     0 | D:1      | Reached XP level 1. HP: 10/10 MP: 6/6
   328 | D:1      | Reached skill level 5 in Necromancy
   392 | D:1      | Reached XP level 2. HP: 15/15 MP: 6/8
   870 | D:2      | Found a faded altar of an unknown god.
   884 | D:2      | Prayed at the altar of an unknown god.
   884 | D:2      | Became a worshipper of Kikubaaqudgha
   884 | D:2      | Reached * piety under Kikubaaqudgha
   884 | D:2      | Received a gift from Kikubaaqudgha
   888 | D:2      | Learned a level 2 spell: Sublimation of Blood
   890 | D:2      | Learned a level 1 spell: Kiss of Death
   983 | D:2      | Reached XP level 3. HP: 14/19 MP: 3/10
   983 | D:2      | Noticed Robin
  1012 | D:2      | Killed Robin
  1342 | D:2      | Reached XP level 4. HP: 23/24 MP: 6/12
  1420 | D:2      | Learned a level 3 spell: Vampiric Draining
  1425 | D:2      | Learned a level 4 spell: Animate Dead
  1565 | D:2      | Reached ** piety under Kikubaaqudgha
  2031 | D:3      | Reached XP level 5. HP: 24/28 MP: 2/14
  2344 | D:3      | Found a sacrificial altar of Ru.
  2350 | D:3      | Reached skill level 5 in Spellcasting
  2563 | D:3      | Found Judghur's Distillery.
  2566 | D:3      | Bought a potion of heal wounds for 55 gold pieces
  2566 | D:3      | Bought a potion of curing for 33 gold pieces
  2566 | D:3      | Bought a potion of degeneration for 11 gold pieces
  2844 | D:4      | Reached *** piety under Kikubaaqudgha
  2844 | D:4      | Received a gift from Kikubaaqudgha
  2871 | D:4      | You fall into a shaft and drop 2 floors!
  2930 | D:6      | Found a staircase to the Ecumenical Temple.
  2945 | D:6      | Reached XP level 6. HP: 18/32 MP: 2/16
  2946 | Temple   | Entered the Ecumenical Temple
  3190 | D:6      | Noticed a sky beast
  3218 | D:6      | Noticed an ice beast
  3225 | D:6      | Noticed a sky beast
  3239 | D:6      | Noticed a sky beast
  3307 | D:5      | Entered Level 5 of the Dungeon
  3521 | D:4      | Reached skill level 5 in Dodging
  3729 | D:4      | Noticed sastreii's ghost (amateur SpHu)
  3742 | D:4      | Learned a level 5 spell: Agony
  3861 | D:4      | Found a transporter.
  3882 | D:4      | Found a transporter.
  4229 | D:5      | Found a broken altar of Ashenzari.
  4234 | D:5      | Saw a vision of the Swamp and the Snake Pit.
  4234 | D:5      | Noticed a naga mage
  4234 | D:5      | Noticed a shock serpent
  4234 | D:5      | Noticed a salamander
  4234 | D:5      | Noticed a black mamba
  4234 | D:5      | Noticed a salamander
  4234 | D:5      | Noticed a naga mage
  4234 | D:5      | Noticed a salamander
  4234 | D:5      | Noticed a tyrant leech
  4235 | D:5      | Noticed a naga mage
  4236 | D:5      | Noticed an eleionoma
  4236 | D:5      | Noticed a tyrant leech
  4236 | D:5      | Noticed a naga mage
  4334 | D:5      | Reached XP level 7. HP: 29/37 MP: 7/18
  4411 | D:5      | Reached skill level 1 in Fighting
  4437 | D:5      | Noticed a troll
  4455 | D:5      | Killed a troll
  5046 | D:6      | Reached XP level 8. HP: 20/44 MP: 11/21
  5844 | D:7      | Learned a level 4 spell: Dispel Undead
  5847 | D:7      | Learned a level 2 spell: Cigotuvi's Dreadful Rot
  5966 | D:7      | Found a sparkling altar of Nemelex Xobeh.
  5984 | D:7      | Found an iron altar of Okawaru.
  6505 | D:7      | Found a hazy altar of Hepliaklqana.
  6720 | D:7      | Reached XP level 9. HP: 38/51 MP: 5/23
  6958 | D:8      | Found a staircase to the Lair.
  7049 | D:8      | Found an ornate altar of the Wu Jian Council.
  7223 | D:8      | Found Dozeqana's Magic Scroll Shop.
  7231 | D:8      | Bought a scroll of identify for 32 gold pieces
  7231 | D:8      | Bought a scroll of identify for 32 gold pieces
  7231 | D:8      | Bought a scroll of teleportation for 48 gold pieces
  7231 | D:8      | Bought a scroll of identify for 32 gold pieces
  7231 | D:8      | Bought a scroll of teleportation for 48 gold pieces
  7231 | D:8      | Bought a scroll of blinking for 120 gold pieces
  7776 | D:8      | Noticed a tengu conjurer
  7776 | D:8      | Noticed a centaur warrior
  7891 | Lair:1   | Entered Level 1 of the Lair of Beasts
  7891 | Lair:1   | Noticed a cane toad
  7902 | Lair:1   | Killed a cane toad
  7931 | Lair:1   | Slain by a wolf

Illustrated notes

Levels and vault maps discovered:
D:1:      dpeg_arrival_pits, layout_basic
D:2:      layout_basic, shapermc_ecumenical_altar_ellora, uniq_robin
D:3:      layout_rooms, nicolae_ru_great_annihilating_truth, serial_shops,
          nicolae_shop_statue_plus
D:4:      dreamdust_elfheim, layout_rooms, enter_ossuary_4,
          gammafunk_ghost_arena, minmay_misc_feat_cross
D:5:      wad_pebble_path, layout_basic, grunt_ashenzari_visionary
          [grunt_ashenzari_visionary_swamp, grunt_ashenzari_visionary_snake]
D:6:      layout_basic, minmay_temple_entry_mist, nicolae_eternal_life
D:7:      layout_basic, mainiacjoe_overflow_large_starburst,
          kennysheep_mini_moat, nrook_uturn
D:8:      kennysheep_housing_project, layout_basic, nzn_wu_jian_contemplation,
          lair_entry_dummy, serial_shops, shop, minmay_radiant
Temple:   jpeg_temple_clearing
Lair:1:   layout_small_grid, serial_bayou_shore_b

Skill      XL: |  1  2  3  4  5  6  7  8  9 |
---------------+----------------------------+-----
Necromancy     | 5 6 7 9 |  9.5
Dodging        | 3 4 5 6 7 8 |  8.5
Spellcasting   | 4 5 6 7 8 9 |  9.4
Fighting       | 2 3 4 |  4.2
Stealth        | |  2.4

Action                     |  1- 3 |  4- 6 |  7- 9 || total
---------------------------+-------+-------+-------++-------
  Melee: Falchion          |       |    42 |    56 ||    98
         Punch             |       |       |     2 ||     2
   Cast: Necrotise         |    53 |   122 |    99 ||   274
         Vampiric Draining |       |    11 |    37 ||    48
         Sublimation of Bl |       |     3 |       ||     3
         Agony             |       |     1 |     2 ||     3
         Dispel Undead     |       |       |     2 ||     2
         Cigotuvi's Dreadf |       |       |     2 ||     2
         Animate Dead      |       |       |     1 ||     1
    Use: Scroll            |       |     1 |    17 ||    18
         Potion            |       |       |    10 ||    10
   Stab: Sleeping          |       |     2 |     1 ||     3
         Distracted        |       |     1 |     1 ||     2
 Armour: Robe              |       |    25 |    22 ||    47
         Skin              |       |       |    32 ||    32
  Dodge: Dodged            |     1 |    39 |   137 ||   177

Table legend: (Time is in decaauts)
 A = Elapsed time spent in this place.
 B = Non-inter-level travel time spent in this place.
 C = Inter-level travel time spent in this place.
 D = Time resting spent in this place.
 E = Time spent auto-exploring this place.
 F = Levels seen in this place.
 G = Mean time per level.
                   A        B        C        D        E       F      G
               +--------+--------+--------+--------+--------+-----+--------+
         Total |   7973 |   7830 |    143 |   1055 |   4759 |  10 |  797.3 |
       Dungeon |   7759 |   7634 |    125 |    958 |   4704 |   8 |  969.9 |
        Temple |    172 |    154 |     18 |     86 |     55 |   1 |  172.0 |
          Lair |     41 |     41 |      0 |     11 |      0 |   1 |   41.0 |
               +--------+--------+--------+--------+--------+-----+--------+

Top non-repeatable levels by time:
     D:5: 1261 daAuts
     D:7: 1151 daAuts
     D:2: 1148 daAuts
     D:6: 995 daAuts
     D:8: 936 daAuts
     D:1: 847 daAuts
     D:3: 737 daAuts
     D:4: 680 daAuts
  Temple: 172 daAuts
  Lair:1: 41 daAuts
